 Dungeon Crawl Stone Soup version 0.28-a0-258-g8de209e91f (webtiles) character file.

Game seed: 2908678476113017257

1562 robertstho the Magician (level 9, -3/91 HPs)
             Began as a Djinni Fire Elementalist on Aug 26, 2021.
             Was an Initiate of Gozag.
             Slain by a water moccasin zombie (4 damage)
             ... in an ossuary.
             The game lasted 00:09:26 (6194 turns).

robertstho the Magician (Djinni Fire Elementalist)  Turns: 6194, Time: 00:09:27

Health: -3/91      AC:  6    Str:  7    XL:     9   Next: 13%
Gold:   138        EV: 12    Int: 20    God:    Gozag SH:  0 Dex: 14

rFire   + + +      SeeInvis .   l - staff of fire
rCold   x . .      Faith    .   (no shield)
rNeg    . . .      Spirit   .   p - +0 steam dragon scales
rPois   ∞          Reflect  .   (no helmet)
rElec   .          Harm     .   (no cloak)
rCorr   .          Rampage  .   q - +0 pair of gloves
Will    .....                   (boots unavailable)
Stlth   ..........              (no amulet)
HPRegen 0.25/turn               (no ring)
MPRegen 0.00/turn               (no ring)

@: berserking (expiring), gold aura, flying, very quick
A: sickness immunity, fire resistance 2, cold vulnerability 1, float, innate
caster, hp casting, extra vitality 1
a: Renounce Religion, Potion Petition, Call Merchant, Bribe Branch


You were in an ossuary.
You worshipped Gozag.
Gozag was aware of your devotion.
You visited 2 branches of the dungeon, and saw 7 of its levels.
You also visited: Ossuary.

You collected 192 gold pieces.
You paid 54 gold pieces to Gozag.

Inventory:

Hand Weapons
 b - a +0 short sword
Armour
 o - the +2 ring mail of Cavoqec {Str+4}
   (You found it on level 5 of the Dungeon)

   Str:       It affects your strength (+4).
 p - +0 steam dragon scales (worn)
 q - a +0 pair of gloves (worn)
Magical Staves
 l - a staff of fire (weapon)
Scrolls
 a - a scroll of silence
 c - 3 scrolls of teleportation
 e - a scroll of enchant armour
 m - a scroll of fog
 n - a scroll of vulnerability
Potions
 f - 2 potions of lignification
 h - 2 potions of might
 i - a potion of flight {unknown}
 j - a potion of attraction {unknown}


   Skills:
 * Level 3.3 Fighting
 + Level 0.1 Staves
 + Level 0.3 Armour
 + Level 2.7 Dodging
 + Level 2.6 Stealth
 * Level 7.9 Spellcasting


You couldn't memorise any spells.
You knew the following spells:

 Your Spells              Type           Power      Damage    Failure   Level
a - Foxfire               Conj/Fire      100%       2x1d9     1%          1
b - Conjure Flame         Conj/Fire      56%        6-21      1%          3
c - Inner Flame           Hex/Fire       56%        N/A       1%          3
d - Sticky Flame          Conj/Fire      56%        2d7       3%          4
e - Fireball              Conj/Fire      28%        3d12      9%          5
f - Animate Skeleton      Necr           78%        N/A       1%          1
g - Wereblood             Tmut           39%        N/A       1%          2
h - Lesser Beckoning      Tloc           19%        N/A       1%          3
i - Summon Lightning Spi  Summ/Air       39%        N/A       3%          4
Your spell library was empty.

Dungeon Overview and Level Annotations

Branches:
Dungeon (6/15)             Temple (1/1) D:6         Ossuary (1/1)

Altars:
Dithmenos
Fedhas
Gozag
Hepliaklqana
Makhleb
Okawaru
Qazlal
Ru
Sif Muna
Trog
Uskayaw
Wu Jian
Xom
Yredelemnul
Zin
The Shining One

Shops:
D:3 *


Innate Abilities, Weirdness & Mutations

You are immune to sickness and miasma.
You are immune to poison.
Your flesh is very heat resistant. (rF++)
You are vulnerable to cold. (rC-)
You float through the air rather than walking.
You learn spells naturally, not from books.
Your magical power is your life essence.
You have superior vitality. (+4 HP)


Message History

You feel a surge of power!
The fireball explodes!
The fireball engulfs the wyvern zombie!
The wyvern zombie is moderately damaged.
The wyvern zombie bites you!
* * * LOW HITPOINT WARNING * * *
You feel better.
The wyvern zombie bites you but does no damage.
Casting: Fireball (quite dangerous; 10% risk of failure)
Confirm with . or Enter, or press ? or * to list all spells.
Aiming: Sticky Flame (dangerous; 3% risk of failure)
Press: ? - help, Shift-Dir - straight line, f/p - wyvern zombie
Aim: a wyvern zombie (moderately damaged, 100% to hit)
You feel a surge of power!
The sticky flame hits the wyvern zombie!
The wyvern zombie is heavily damaged.
The wyvern zombie is covered in liquid flames!
* * * LOW HITPOINT WARNING * * *
The wyvern zombie burns!
The wyvern zombie bites you.
* * * LOW HITPOINT WARNING * * *
You feel better.
The wyvern zombie burns!
The wyvern zombie bites you!
* * * LOW HITPOINT WARNING * * *
You feel better.
The wyvern zombie burns!
The wyvern zombie bites you but does no damage.
A water moccasin zombie comes into view.
The wyvern zombie bites you!
* * * LOW HITPOINT WARNING * * *
A red film seems to cover your vision as you go berserk!
You feel yourself moving faster!
You feel mighty!
The wyvern zombie burns!
The wyvern zombie bites you.
* * * LOW HITPOINT WARNING * * *
You feel a strong urge to attack something.
The wyvern zombie burns!
You destroy the wyvern zombie!
The water moccasin zombie bites you.
* * * LOW HITPOINT WARNING * * *
There is a gate leading back out of this place here.
You feel your anger nearly subside. The water moccasin zombie bites you.
You die...
Your body crumbles into a pile of gold.

+≈. #$# ##
'≈# ≈##$+
##P§.#
#≈≈#.###
###P.$§.#
#≈≈≈≈≈#####
#≈≈P.$#..@#
#####$$.Z.#
#.'.#$..#
###$#####
+.M #+#


You could see a water moccasin zombie.

Vanquished Creatures
  2 steam dragons (D:5)
  2 hornet zombies (Ossuary)
  An ogre (D:6)
  A wyvern zombie (Ossuary)
  2 scorpions
  2 water moccasin zombies
  2 bullfrog zombies (Ossuary)
  A centaur zombie (Ossuary)
  2 hounds
  3 orc priests
  An iguana (D:5)
  A jelly (D:6)
  A centaur skeleton (D:3)
  4 orc wizards
  A killer bee zombie (Ossuary)
  8 mummies (Ossuary)
  6 adders
  5 river rats (D:3)
  A white imp (D:6)
  An adder skeleton (D:3)
  3 worms (D:3)
  4 dart slugs
  13 orcs
  6 endoplasms
  3 giant cockroaches
  9 goblins
  3 hobgoblins
  6 kobolds
  3 quokkas
  6 ball pythons
  4 bats
  10 rats
117 creatures vanquished.

Vanquished Creatures (collateral kills)
  A mummy (Ossuary)
  13 foxfires (Ossuary)
14 creatures vanquished.

Vanquished Creatures (others)
  553 foxfires
  A fungus (D:5)
  7 withered plants (Ossuary)
561 creatures vanquished.

Grand Total: 692 creatures vanquished

Notes
Turn   | Place    | Note
-------+----------+-------------------------------------------
     0 | D:1      | robertstho the Djinni Fire Elementalist began the quest for
                  | the Orb.
     0 | D:1      | Reached XP level 1. HP: 15/15 MP: 0/0
   275 | D:1      | Reached XP level 2. HP: 15/21 MP: 0/0
   839 | D:1      | Reached skill level 3 in Spellcasting
   977 | D:1      | Found a faded altar of an unknown god.
  1048 | D:1      | Reached XP level 3. HP: 25/25 MP: 0/0
  1048 | D:1      | Learned a level 1 spell: Animate Skeleton
  2130 | D:2      | Reached XP level 4. HP: 26/31 MP: 0/0
  2276 | D:2      | Noticed a scorpion
  2284 | D:2      | Killed a scorpion
  2285 | D:2      | Reached skill level 1 in Fighting
  2285 | D:2      | Reached skill level 4 in Spellcasting
  2285 | D:2      | Reached XP level 5. HP: 17/37 MP: 0/0
  2285 | D:2      | Learned a level 2 spell: Wereblood
  3432 | D:3      | Found Oxefihof's Assorted Antiques.
  3523 | D:3      | Reached XP level 6. HP: 38/42 MP: 0/0
  4454 | D:4      | Reached skill level 5 in Spellcasting
  4601 | D:5      | Entered Level 5 of the Dungeon
  4635 | D:5      | Reached XP level 7. HP: 41/49 MP: 0/0
  4635 | D:5      | Learned a level 3 spell: Lesser Beckoning
  4697 | D:5      | Identified the +2 ring mail of Cavoqec {Str+4}
  4970 | D:5      | Noticed a steam dragon
  4970 | D:5      | Noticed a steam dragon
  4975 | D:5      | Killed a steam dragon
  4982 | D:5      | Killed a steam dragon
  4983 | D:5      | Reached skill level 6 in Spellcasting
  4983 | D:5      | Reached XP level 8. HP: 26/55 MP: 0/0
  5779 | D:6      | Found a staircase to the Ecumenical Temple.
  5786 | Temple   | Entered the Ecumenical Temple
  5818 | Temple   | Became a worshipper of Gozag Ym Sagoz the Greedy
  5914 | D:6      | Reached skill level 7 in Spellcasting
  5922 | D:6      | Found a sand-covered staircase.
  5931 | Ossuary  | Entered an ossuary
  6113 | Ossuary  | Reached XP level 9. HP: 12/60 MP: 0/0
  6113 | Ossuary  | Learned a level 4 spell: Summon Lightning Spire
  6191 | Ossuary  | HP: 3/91 [wyvern zombie (4)]
  6193 | Ossuary  | HP: 1/91 [water moccasin zombie (2)]
  6194 | Ossuary  | Slain by a water moccasin zombie

Illustrated notes

Levels and vault maps discovered:
D:1:      nicolae_arrival_memento_mori, layout_basic,
          hellmonk_ecumenical_altar_crossroads
D:2:      layout_rooms, grunt_ministairs_5, minmay_strange_pillars
D:3:      layout_basic, serial_shops,
          nicolae_shop_temple_entry_statues_fountains,
          lightli_sewer_entry_pipes, ebering_dispersal_statue_hall,
          corexii_hall_statues_t
D:4:      layout_cave_pools, serial_glass, glass_columns_a, glass_columns_c,
          kennysheep_generic_room_16
D:5:      kennysheep_steamy, layout_rooms
D:6:      layout_basic, kennysheep_slug_shrine, temple_green,
          nicolae_ossuary_entry_ruins
Temple:   nicolae_temple_the_god_donut
Ossuary:  ossuary_zaba_flooded

Skill      XL: |  1  2  3  4  5  6  7  8 |
---------------+-------------------------+-----
Spellcasting   | 3 4 5 6 7 |  7.9
Fighting       | 1 2 3 |  3.3
Stealth        | 2 |  2.6
Staves         | |  0.1
Armour         | |  0.3
Dodging        | |  2.7

Action                   |  1- 3 |  4- 6 |  7- 9 || total
-------------------------+-------+-------+-------++-------
Melee: Short sword       |     1 |     1 |       ||     2
       Staff             |       |       |     4 ||     4
 Cast: Foxfire           |    95 |   127 |   117 ||   339
       Sticky Flame      |       |     1 |    10 ||    11
       Fireball          |       |       |     1 ||     1
       Summon Lightning  |       |       |     1 ||     1
  Use: Scroll            |       |       |     9 ||     9
       Potion            |       |       |     5 ||     5
Armor: Robe              |     1 |     6 |       ||     7
       Ring mail         |       |       |     2 ||     2
       Steam dragon scal |       |       |     4 ||     4
Dodge: Dodged            |     9 |    18 |     8 ||    35

Table legend: (Time is in decaauts)
 A = Elapsed time spent in this place.
 B = Non-inter-level travel time spent in this place.
 C = Inter-level travel time spent in this place.
 D = Time resting spent in this place.
 E = Time spent auto-exploring this place.
 F = Levels seen in this place.
 G = Mean time per level.
                   A        B        C        D        E       F      G
               +--------+--------+--------+--------+--------+-----+--------+
         Total |   6192 |   6055 |    137 |    437 |   4724 |   8 |  774.0 |
       Dungeon |   5868 |   5759 |    109 |    381 |   4601 |   6 |  978.0 |
        Temple |     60 |     32 |     28 |      0 |     17 |   1 |   60.0 |
       Ossuary |    262 |    262 |      0 |     56 |    106 |   1 |  262.0 |
               +--------+--------+--------+--------+--------+-----+--------+

Top non-repeatable levels by time:
     D:1: 1730 daAuts
     D:3: 1330 daAuts
     D:5: 998 daAuts
     D:2: 980 daAuts
     D:4: 557 daAuts
     D:6: 270 daAuts
 Ossuary: 262 daAuts
  Temple: 60 daAuts
